 Dungeon Crawl Stone Soup version 0.28-a0-932-g843f935a50 (webtiles) character file.

Game seed: 12830920376067448663

450 Gwenloh the Purveyor of Pain (level 6, 0/32 HPs)
             Began as a Deep Elf Necromancer on Nov 27, 2021.
             Was an Initiate of Kikubaaqudgha.
             Slain by Menkaure (12 damage)
             ... on level 4 of the Dungeon.
             The game lasted 00:08:47 (4865 turns).

Gwenloh the Purveyor of Pain (Deep Elf Necromancer) Turns: 4865, Time: 00:08:48

Health: 0/32       AC:  4    Str:  5    XL:     6   Next: 74%
Magic:  26/26      EV: 12    Int: 22    God:    Kikubaaqudgha [......]
Gold:   52         SH:  0    Dex: 15    Spells: 4/17 levels left

rFire   . . .      SeeInvis .   a - +2 dagger (flame)
rCold   . . .      Faith    .   (no shield)
rNeg    . . .      Spirit   .   f - +0 robe
rPois   .          Reflect  .   (no helmet)
rElec   .          Harm     .   l - +0 cloak
rCorr   .          Rampage  .   (no gloves)
Will    .....                   q - +0 pair of boots
Stlth   ++........              (no amulet)
HPRegen 0.10/turn               m - ring of flight
MPRegen 0.20/turn               e - ring of magical power

@: flying
A: no striking features
a: Renounce Religion


You were on level 4 of the Dungeon.
You worshipped Kikubaaqudgha.
Kikubaaqudgha was noncommittal.
You visited 2 branches of the dungeon, and saw 5 of its levels.

You collected 52 gold pieces.

Inventory:

Hand Weapons
 a - a +2 dagger of flaming (weapon)
 b - a +2 vorpal hunting sling
 k - a +2 quarterstaff of chaos
Missiles
 t - 42 stones
 u - 12 sling bullets
Armour
 f - a +0 robe (worn)
 l - a +0 cloak (worn)
 q - a +0 pair of boots (worn)
Jewellery
 e - a ring of magical power (right hand)
 m - a ring of flight (left hand)
Scrolls
 c - a scroll of silence {unknown}
 d - a scroll of magic mapping {unknown}
 g - a scroll of immolation {unknown}
 i - 2 scrolls of identify {unknown}
 j - 2 scrolls of teleportation {unknown}
 s - a scroll of brand weapon {unknown}
Potions
 h - 3 potions of heal wounds {unknown}
 n - a potion of curing {unknown}
 o - a potion of resistance {unknown}
 p - a potion of might {unknown}
 r - a potion of invisibility {unknown}


   Skills:
 - Level 2.4 Dodging
 - Level 2.7 Stealth
 + Level 6.4 Spellcasting
 * Level 8.1 Necromancy


You had 4 spell levels left.
You knew the following spells:

 Your Spells              Type           Power      Damage    Failure   Level
a - Pain                  Necr           100%       1d9       1%          1
b - Vampiric Draining     Necr           43%        2d9       1%          3
c - Agony                 Necr           43%        N/A       9%          5
d - Animate Dead          Necr           21%        N/A       3%          4

Your spell library contained the following spells:

 Spells                   Type           Power      Damage    Failure   Level
 Animate Skeleton         Necr           86%        N/A       1%          1
 Sandblast                Erth           14%        2d6       9%          1
 Slow                     Hex            28%        N/A       9%          1
 Ensorcelled Hibernation  Hex/Ice        14%        N/A       13%         2
 Passwall                 Tmut/Erth      5%         N/A       13%         2
 Confusing Touch          Hex            7%         N/A       26%         3
 Stone Arrow              Conj/Erth      14%        3d7       26%         3
 Tukima's Dance           Hex            7%         N/A       26%         3


Dungeon Overview and Level Annotations

Branches:
Dungeon (4/15)             Temple (1/1) D:4

Altars:
Cheibriados
Fedhas
Gozag
Hepliaklqana
Kikubaaqudgha
Makhleb
Okawaru
Qazlal
Ru
Uskayaw
Vehumet
Yredelemnul
Zin

Annotations:
D:4 Menkaure


Message History

Menkaure, Prince of Dust comes into view.
Found a hunting sling.
Search for what [? for help]? sling
There is a stone staircase leading up here.
You fly upwards.
There is a stone staircase leading down here.
You see here a +0 robe.
There is an open door here.
There is a stone staircase leading down here.
You see here 12 sling bullets.
u - 12 sling bullets Done exploring.
There is a stone staircase leading down here.
You fly downwards.
Level annotation: Menkaure
There is a stone staircase leading up here.
Found a stone staircase leading down.
There is a stone staircase leading down here.
Found a ring mail.
Menkaure shouts!
Your +2 dagger of flaming bursts into flame!
a - a +2 dagger of flaming (weapon)
Menkaure closely misses you.
You hit Menkaure. You burn Menkaure.
Menkaure is moderately damaged.
Menkaure misses you.
You hit Menkaure but do no damage.
Menkaure is moderately damaged.
You barely miss Menkaure.
Menkaure is moderately damaged.
Menkaure barely misses you.
You hit Menkaure but do no damage.
Menkaure is moderately damaged.
Menkaure hits you!!
Ouch! That really hurt!
You barely miss Menkaure.
Menkaure is moderately damaged.
Menkaure hits you!
You die...
Kikubaaqudgha rasps: "You have failed me!
Welcome... death!"

.... ... ..##)# ..##.#
..##.#
#########..##.##
#######..............#
...............#.##..#
##
#####...######@M.##..#
#. #....[..# ###.##..#
#. #.###..## #.##..#
#. #..# #.##..# #^
#..# #.##..# #. #..#
#.....# ###'
#.####..##### #.###.#
#... ............# #.#
#.# ###.⌠.
#.#########.# #.###.##
#.'..>


You could see Menkaure.

Vanquished Creatures
  An ice beast (D:3)
  An ogre (D:3)
  A scorpion (D:3)
  Crazy Yiuf (D:2)
  An orc priest (D:3)
  Jessica (D:2)
  A hound skeleton (D:4)
  5 adders
  2 worms (D:2)
  2 dart slugs
  2 orcs (D:3)
  3 ball pythons
  4 bats
  4 endoplasms
  3 giant cockroaches
  6 goblins
  8 hobgoblins
  6 kobolds
  4 frilled lizards
  2 rats
58 creatures vanquished.

Notes
Turn   | Place    | Note
-------+----------+-------------------------------------------
     0 | D:1      | Gwenloh the Deep Elf Necromancer began the quest for the
                  | Orb.
     0 | D:1      | Reached XP level 1. HP: 10/10 MP: 6/6
   132 | D:1      | Reached skill level 5 in Necromancy
   246 | D:1      | Found a faded altar of an unknown god.
   275 | D:1      | Reached XP level 2. HP: 12/15 MP: 5/8
   955 | D:1      | Reached XP level 3. HP: 13/19 MP: 3/10
   959 | D:1      | Learned a level 3 spell: Vampiric Draining
  1716 | D:2      | Noticed Jessica
  1728 | D:2      | Killed Jessica
  1729 | D:2      | Reached skill level 6 in Necromancy
  1729 | D:2      | Reached XP level 4. HP: 20/24 MP: 6/12
  1957 | D:2      | Found a runed translucent door.
  1958 | D:2      | Noticed Crazy Yiuf
  2540 | D:2      | Killed Crazy Yiuf
  2700 | D:3      | Reached skill level 5 in Spellcasting
  2904 | D:3      | Learned a level 4 spell: Animate Dead
  2946 | D:3      | Noticed an ogre
  2954 | D:3      | Killed an ogre
  2955 | D:3      | Reached skill level 7 in Necromancy
  2955 | D:3      | Reached XP level 5. HP: 16/28 MP: 6/15
  3334 | D:3      | Noticed an ice beast
  3342 | D:3      | Killed an ice beast
  3343 | D:3      | Reached XP level 6. HP: 11/32 MP: 9/17
  3651 | D:3      | Learned a level 5 spell: Agony
  3738 | D:3      | Reached skill level 8 in Necromancy
  4335 | D:4      | Found a staircase to the Ecumenical Temple.
  4354 | Temple   | Entered the Ecumenical Temple
  4460 | Temple   | Became a worshipper of Kikubaaqudgha
  4625 | D:4      | Noticed Menkaure
  4865 | D:4      | Slain by Menkaure

Illustrated notes

Levels and vault maps discovered:
D:1:      matt_arrival_los_fun, layout_rooms, basic_ecumenical_altar
D:2:      layout_basic, chequers_serial_rivers_small_a, grunt_ministairs_7,
          uniq_crazy_yiuf_cottage, uniq_jessica
D:3:      layout_basic
D:4:      layout_loops_ring, minmay_temple_entry_hall, ebering_ghost_sewer_d,
          uniq_menkaure
Temple:   dshaligram_water_room_temple

Skill      XL: |  1  2  3  4  5  6 |
---------------+-------------------+-----
Necromancy     | 5 6 7 8 |  8.1
Spellcasting   | 4 5 6 |  6.4
Dodging        | |  2.4
Stealth        | |  2.7

Action                   |  1- 3 |  4- 6 || total
-------------------------+-------+-------++-------
Melee: Unarmed           |     2 |       ||     2
       Dagger            |     3 |    15 ||    18
 Fire: Hunting sling     |       |     2 ||     2
 Cast: Pain              |    57 |    45 ||   102
       Vampiric Draining |       |    12 ||    12
       Agony             |       |     2 ||     2
 Stab: Sleeping          |       |     1 ||     1
Armor: Robe              |       |     4 ||     4
Dodge: Dodged            |     5 |    13 ||    18

Table legend: (Time is in decaauts)
 A = Elapsed time spent in this place.
 B = Non-inter-level travel time spent in this place.
 C = Inter-level travel time spent in this place.
 D = Time resting spent in this place.
 E = Time spent auto-exploring this place.
 F = Levels seen in this place.
 G = Mean time per level.
                   A        B        C        D        E       F      G
               +--------+--------+--------+--------+--------+-----+--------+
         Total |   4864 |   4663 |    201 |    545 |   3659 |   5 |  972.8 |
       Dungeon |   4748 |   4555 |    193 |    545 |   3599 |   4 | 1187.0 |
        Temple |    115 |    107 |      8 |      0 |     60 |   1 |  115.0 |
               +--------+--------+--------+--------+--------+-----+--------+

Top non-repeatable levels by time:
     D:3: 1575 daAuts
     D:2: 1515 daAuts
     D:1: 1136 daAuts
     D:4: 521 daAuts
  Temple: 115 daAuts
